[Event "Titled Tuesday Blitz January 03 Early 2023"]
[White "Orzech, Dominik"]
[Black "monkins"]
[WhiteFideId "1115065"]
[WhiteElo "2308"]
[BlackElo "2242"]
[Result "1-0"]
[Round "02"]
[TimeControl "180+2"]
[Date "2023.01.03"]
[WhiteClock "0:00:04"]
[BlackClock "0:00:21"]

1. d4 Nf6 2. Nf3 c5 3. c4 cxd4 4. Nxd4 Nc6 5. g3 g6 6. Bg2 Bg7 7. Nc2 O-O 8. Nc3 d6 9. O-O Be6 10. b3 Qa5 11. Bb2 Qh5 12. e4 Bg4 13. f3 Bh3 14. Ne3 Bxg2 15. Kxg2 Rfe8 16. Qd2 Rac8 17. Rad1 a6 18. Ncd5 Nxd5 19. Nxd5 Bxb2 20. Qxb2 b5 21. Rc1 Ne5 22. cxb5 Rxc1 23. Rxc1 Nd3 24. Nxe7+ Kf8 25. Qh8+ Kxe7 26. Rc7+ Kd8 27. Rc8+ Kxc8 28. Qxe8+ Kb7 29. Qc6+ Ka7 30. Qxa6+ Kb8 31. Qxd6+ 1-0


[Site "https://www.chess.com"]

[Event "Titled Tuesday Blitz January 03 Early 2023"]
[White "Tarnowska, Aleksandra"]
[Black "Fiorito, Joaquin"]
[WhiteFideId "1180967"]
[BlackFideId "180173"]
[WhiteElo "1835"]
[BlackElo "2405"]
[Result "0-1"]
[Round "02"]
[TimeControl "180+2"]
[Date "2023.01.03"]
[WhiteClock "0:00:02"]
[BlackClock "0:00:53"]

1. e4 c6 2. d4 d5 3. Nc3 dxe4 4. Nxe4 Bf5 5. Ng3 Bg6 6. h4 h6 7. h5 Bh7 8. Nf3 Nd7 9. Bd3 Bxd3 10. Qxd3 Ngf6 11. Bd2 e6 12. O-O-O Be7 13. Ne4 O-O 14. Bc3 Nxe4 15. Qxe4 Nf6 16. Qd3 Qd5 17. Kb1 a5 18. Ne5 Ne4 19. Qf3 a4 20. Rhe1 Nxc3+ 21. Qxc3 Rfc8 22. Qc4 b5 23. Qxd5 cxd5 24. f4 Bb4 25. Re3 Rc7 26. g4 Rac8 27. c3 Bf8 28. g5 hxg5 29. fxg5 a3 30. g6 f6 31. Ng4 axb2 32. Kxb2 Rc6 33. Rg1 Ra8 34. h6 Rca6 35. h7+ Kh8 36. Ra1 Ba3+ 37. Kb3 Be7 38. Nf2 Ra3+ 39. Kb2 b4 40. Nd1 b3 41. Rb1 Rxa2+ 42. Kc1 Rc2# 0-1


[Site "https://www.chess.com"]

[Event "Titled Tuesday Blitz January 03 Early 2023"]
[White "Bettalli, Francesco"]
[Black "De Souza, Cristiano Gomes"]
[WhiteFideId "2816453"]
[BlackFideId "2151758"]
[WhiteElo "2252"]
[BlackElo "2018"]
[Result "1-0"]
[Round "02"]
[TimeControl "180+2"]
[Date "2023.01.03"]
[WhiteClock "0:02:44"]
[BlackClock "0:02:06"]

1. d4 Nf6 2. Nc3 g6 3. e4 d6 4. Bf4 Bg7 5. Qd2 c6 6. O-O-O b5 7. f3 b4 8. Nce2 a5 9. h4 h5 10. Nh3 Ba6 11. Nf2 Nbd7 12. Kb1 c5 13. d5 Ne5 14. Bxe5 dxe5 15. g4 hxg4 16. Nxg4 Nh5 17. Nc1 Bxf1 18. Rdxf1 Qd7 19. Nd3 c4 20. Ndxe5 Qa4 21. Nxc4 O-O 22. Nb6 Qb5 23. Nxa8 Rxa8 24. e5 a4 25. Rd1 a3 26. b3 Rc8 27. Rhe1 Rc3 28. Re3 Qc5 29. Rxc3 bxc3 30. Qd4 Qc7 31. d6 exd6 32. Qxd6 Qc8 33. Qd8+ Qxd8 34. Rxd8+ Kh7 35. b4 1-0


[Site "https://www.chess.com"]

[Event "Titled Tuesday Blitz January 03 Early 2023"]
[White "Baches Garcia, Guillermo"]
[Black "Putri, Regita Desyari"]
[WhiteFideId "2209764"]
[BlackFideId "7109083"]
[WhiteElo "2327"]
[BlackElo "1863"]
[Result "1-0"]
[Round "02"]
[TimeControl "180+2"]
[Date "2023.01.03"]
[WhiteClock "0:00:41"]
[BlackClock "0:00:04"]

1. e4 e5 2. Nf3 Nc6 3. Nc3 Nf6 4. d4 exd4 5. Nxd4 Bb4 6. Nxc6 bxc6 7. Bd3 d5 8. Bd2 O-O 9. O-O Rb8 10. Re1 d4 11. Ne2 Bxd2 12. Qxd2 Rxb2 13. e5 Ng4 14. Nxd4 Kh8 15. Nxc6 Qh4 16. Qf4 Bd7 17. Nd4 g5 18. Qg3 Qxg3 19. hxg3 Re8 20. f4 gxf4 21. gxf4 Rb4 22. c3 Rb6 23. Nf3 Rc6 24. c4 Rh6 25. Rad1 Bc6 26. Be4 Ba4 27. Rd2 Rg8 28. Ng5 Kg7 29. c5 Be8 30. Bf5 Rh4 31. Nf3 Nh6 32. Nxh4 Nxf5 33. Nxf5+ Kg6 34. Ne3 Kh5 35. Rf1 Kh4 36. Rf3 Bc6 37. Rh3# 1-0


[Site "https://www.chess.com"]

[Event "Titled Tuesday Blitz January 03 Early 2023"]
[White "Thiel, Thomas"]
[Black "Krstic, Milos"]
[WhiteFideId "4615964"]
[BlackFideId "954888"]
[WhiteElo "2234"]
[BlackElo "2183"]
[Result "1/2-1/2"]
[Round "02"]
[TimeControl "180+2"]
[Date "2023.01.03"]
[WhiteClock "0:00:47"]
[BlackClock "0:00:04"]

1. e4 c6 2. d4 d5 3. exd5 cxd5 4. c4 Nf6 5. Nc3 g6 6. Qb3 Bg7 7. cxd5 O-O 8. Be2 a6 9. Bf3 b5 10. d6 Ra7 11. dxe7 Rxe7+ 12. Nge2 Qxd4 13. O-O Qd8 14. Be3 Bb7 15. Bc5 Bxf3 16. gxf3 Rxe2 17. Nxe2 Re8 18. Ng3 h5 19. Rad1 Qc8 20. Rc1 Qh3 21. Rfe1 Rxe1+ 22. Rxe1 Nbd7 23. Bd6 Nf8 24. Bxf8 Bxf8 25. Ne4 Nxe4 26. fxe4 Qg4+ 27. Qg3 Qe6 28. e5 Kg7 29. Re3 Be7 30. Rf3 h4 31. Qf4 Qxa2 32. h3 Qe6 33. Kg2 a5 34. Re3 a4 35. Qg4 Qd5+ 36. Qf3 Qe6 37. Qg4 Qd5+ 38. Qf3 Qc4 39. e6 fxe6 40. Qe4 Qxe4+ 41. Rxe4 Kf7 42. Kf3 b4 43. Kg4 a3 44. bxa3 bxa3 45. Ra4 e5 46. Ra6 Bc5 47. Kf3 Be7 48. Ke4 g5 49. Kf3 Bc5 50. Kg4 Bxf2 51. Rxa3 Bg3 52. Kxg5 Ke6 53. Kg4 Kd5 54. Rxg3 hxg3 55. Kxg3 Ke6 56. Kf3 Kf6 57. Ke4 Kg5 58. h4+ Kxh4 59. Kxe5 1/2-1/2


[Site "https://www.chess.com"]

[Event "Titled Tuesday Blitz January 03 Early 2023"]
[White "Crispin Ferreras, Darvi Abraham"]
[Black "Ibadov, Dashgyn"]
[WhiteFideId "6402771"]
[BlackFideId "24107514"]
[WhiteElo "2103"]
[BlackElo "2391"]
[Result "1/2-1/2"]
[Round "02"]
[TimeControl "180+2"]
[Date "2023.01.03"]
[WhiteClock "0:00:11"]
[BlackClock "0:00:04"]

1. d4 Nf6 2. c4 c5 3. Nf3 e6 4. e3 cxd4 5. Nxd4 d5 6. Nc3 Nc6 7. cxd5 exd5 8. Bb5 Bd7 9. O-O Bd6 10. h3 O-O 11. Re1 Qe7 12. Nf3 Rad8 13. Nxd5 Nxd5 14. Qxd5 Bxh3 15. Qg5 f6 16. Qh4 Bf5 17. Bc4+ Kh8 18. e4 Bg6 19. Bd5 Ne5 20. Nxe5 Qxe5 21. Be3 Qxb2 22. Rab1 Qc3 23. Rec1 Qa3 24. Rxb7 Rc8 25. Re1 Rc7 26. Rxc7 Bxc7 27. Rc1 Bb6 28. Re1 Bxe3 29. Rxe3 Qc1+ 30. Kh2 Qc7+ 31. Qg3 Qe7 32. Rb3 f5 33. Rb7 Qf6 34. e5 Qd8 35. Qb3 f4 36. e6 Qh4+ 37. Kg1 Rc8 38. Rb8 Qd8 39. Rxc8 Qxc8 40. e7 h6 41. Qb5 Be8 42. Qb4 Qd7 43. Bf3 a5 44. Qc5 a4 45. a3 Kg8 46. Bd5+ Kh8 47. Kh2 Qf5 48. Qd6 Qh5+ 49. Kg1 Qd1+ 50. Kh2 Qh5+ 51. Kg1 Qd1+ 52. Kh2 Qh5+ 1/2-1/2


[Site "https://www.chess.com"]

[Event "Titled Tuesday Blitz January 03 Early 2023"]
[White "Walentukiewicz, Michal"]
[Black "MIM06"]
[WhiteFideId "1126903"]
[WhiteElo "2060"]
[BlackElo "2273"]
[Result "1/2-1/2"]
[Round "02"]
[TimeControl "180+2"]
[Date "2023.01.03"]
[WhiteClock "0:02:35"]
[BlackClock "0:01:26"]

1. Nf3 g6 2. c4 Bg7 3. g3 e5 4. d3 Ne7 5. Bg2 O-O 6. O-O d5 7. cxd5 Nxd5 8. Nc3 Nxc3 9. bxc3 e4 10. dxe4 Bxc3 11. Rb1 Nc6 12. Qc2 Bg7 13. Rd1 Qe7 14. Bg5 Qa3 15. Bf4 Nb4 16. Qb3 Qxb3 17. Rxb3 c5 18. a3 Nc6 19. Rbd3 Re8 20. Nd2 Be6 21. Bd6 Nd4 22. Bxc5 Nxe2+ 23. Kf1 Bc4 24. Kxe2 Bxd3+ 25. Kxd3 b6 26. Bb4 Rad8+ 27. Kc2 Rc8+ 28. Kb3 a5 29. Bd6 Rc3+ 30. Ka4 Rd8 31. Bf4 Rcd3 32. Be3 Bf8 33. Bf1 Rxa3+ 34. Kb5 Bb4 35. Bc4 Rxe3 36. fxe3 Rxd2 37. Rxd2 Bxd2 38. Kxb6 a4 39. Kb5 a3 40. Ka4 Bc1 41. e5 Kg7 42. e4 h6 43. e6 fxe6 44. Bxe6 Kf6 45. Bd5 Ke5 46. Kb3 Kd4 47. Bf7 g5 48. h4 Kxe4 49. hxg5 hxg5 50. Be6 Kf3 51. g4 Kf4 52. Ka2 Ke5 53. Bc8 Kd4 54. Bf5 Kc3 55. Bc8 Bb2 56. Bf5 Kd2 57. Bc8 Kc3 58. Bf5 Kd4 59. Bc8 Kc5 60. Bf5 Kd6 61. Bc8 Ke5 62. Bf5 Kd6 63. Bc8 Kc7 64. Bf5 Kb6 65. Be6 Kc5 66. Bf5 Kc6 67. Be6 Kd6 68. Bf5 Kc7 69. Be6 Kd8 70. Bf5 Ke7 71. Bc8 Kd6 72. Bf5 Ke5 73. Bc8 Kd6 74. Bf5 1/2-1/2


[Site "https://www.chess.com"]

[Event "Titled Tuesday Blitz January 03 Early 2023"]
[White "Barbot, Pierre"]
[Black "Tymrakiewicz, Rafal"]
[WhiteFideId "663727"]
[BlackFideId "1108832"]
[WhiteElo "2458"]
[BlackElo "2144"]
[Result "1-0"]
[Round "02"]
[TimeControl "180+2"]
[Date "2023.01.03"]
[WhiteClock "0:00:03"]
[BlackClock "0:00:14"]

1. e4 Nf6 2. e5 Nd5 3. d4 d6 4. c4 Nb6 5. exd6 cxd6 6. Nc3 g6 7. Nf3 Bg7 8. Be2 Bg4 9. b3 O-O 10. O-O Nc6 11. Be3 d5 12. c5 Nc8 13. Rc1 e6 14. a3 N8e7 15. h3 Bxf3 16. Bxf3 Nf5 17. Ne2 Nh4 18. b4 Nxf3+ 19. gxf3 a6 20. Qd2 e5 21. dxe5 Nxe5 22. Nd4 Qh4 23. Kg2 Bf6 24. f4 Nc4 25. Qd3 Rfe8 26. Nf3 Qh5 27. Rfe1 Re4 28. Rcd1 Nb2 29. Qxd5 Qxd5 30. Rxd5 Rae8 31. Rc1 Na4 32. c6 Nc3 33. cxb7 Rb8 34. Rc5 Rxb7 35. R1xc3 Bd4 36. Bxd4 a5 37. Rc8+ 1-0


[Site "https://www.chess.com"]

[Event "Titled Tuesday Blitz January 03 Early 2023"]
[White "Al-Tarboush, Ward"]
[Black "Lakshmi C"]
[WhiteFideId "7601450"]
[BlackFideId "25035347"]
[WhiteElo "2256"]
[BlackElo "1928"]
[Result "1-0"]
[Round "02"]
[TimeControl "180+2"]
[Date "2023.01.03"]
[WhiteClock "0:01:21"]
[BlackClock "0:00:01"]

1. e4 c5 2. Nf3 Nc6 3. d4 cxd4 4. Nxd4 Nf6 5. Nc3 e5 6. Ndb5 d6 7. Bg5 a6 8. Na3 b5 9. Nd5 Be7 10. Bxf6 Bxf6 11. c3 Ne7 12. Nxf6+ gxf6 13. Nc2 d5 14. a4 bxa4 15. Ne3 Bb7 16. exd5 Nxd5 17. Qxa4+ Kf8 18. Rd1 Qd6 19. Qb3 Qb6 20. Qa3+ Ne7 21. Rd7 Re8 22. Nf5 Qe6 23. Nxe7 Qxd7 24. Nd5+ Kg7 25. Ne3 e4 26. Bc4 f5 27. O-O f4 28. Rd1 Qc8 29. Qa5 fxe3 30. Qg5+ Kf8 31. Qh6+ Ke7 32. Qd6# 1-0


[Site "https://www.chess.com"]

[Event "Titled Tuesday Blitz January 03 Early 2023"]
[White "Hartikainen, Jarmo"]
[Black "Mortazavi, Ali"]
[WhiteFideId "503134"]
[BlackFideId "401323"]
[WhiteElo "2108"]
[BlackElo "2333"]
[Result "0-1"]
[Round "02"]
[TimeControl "180+2"]
[Date "2023.01.03"]
[WhiteClock "0:00:04"]
[BlackClock "0:00:22"]

1. e4 c6 2. d4 d5 3. Nc3 dxe4 4. Nxe4 Nf6 5. Nxf6+ exf6 6. Bf4 Bd6 7. Qf3 O-O 8. Bd3 Qa5+ 9. c3 Bxf4 10. Qxf4 Qb6 11. b3 c5 12. Ne2 Nc6 13. Rd1 cxd4 14. cxd4 Nb4 15. Bb1 Re8 16. Rd2 Bd7 17. h4 Rac8 18. O-O Bb5 19. Re1 g6 20. a3 Nd5 21. Qf3 Nc3 22. Bd3 Bxd3 23. Qxd3 Qxb3 24. Kh2 Qxa3 25. Rc1 Qd6+ 26. g3 Nd5 27. Rxc8 Rxc8 28. Rc2 Re8 29. Ng1 Nb4 30. Qa3 Qxd4 31. Rb2 a5 32. Nf3 Qe4 33. Rd2 Kg7 34. Qxa5 Qxf3 35. Qxb4 Re1 0-1


[Site "https://www.chess.com"]

[Event "Titled Tuesday Blitz January 03 Early 2023"]
[White "Zhuravlev, Alexey"]
[Black "Bommini, Mounika Akshaya"]
[WhiteFideId "4164199"]
[BlackFideId "25019872"]
[WhiteElo "2359"]
[BlackElo "2118"]
[Result "1-0"]
[Round "02"]
[TimeControl "180+2"]
[Date "2023.01.03"]
[WhiteClock "0:00:13"]
[BlackClock "0:00:13"]

1. e4 Nc6 2. d4 e5 3. d5 Nce7 4. c4 Ng6 5. Be3 Nf6 6. f3 Be7 7. Ne2 d6 8. Nbc3 O-O 9. Qd2 c6 10. h4 h5 11. Bg5 b5 12. cxb5 cxb5 13. Nxb5 Qb6 14. Nec3 a6 15. Be3 Qb7 16. Na3 Rb8 17. Nc4 Nd7 18. g3 f5 19. Bh3 Nc5 20. exf5 Bxf5 21. Bxf5 Rxf5 22. O-O Rbf8 23. Kg2 Bxh4 24. Nxd6 Qd7 25. Nxf5 Qxf5 26. Bxc5 Bxg3 27. Kxg3 Nf4 28. Bxf8 Qg5+ 29. Kf2 Qg2+ 30. Ke1 Qg3+ 31. Kd1 Ng2 32. Kc1 h4 33. Bc5 h3 34. Bg1 Nf4 35. Bh2 Qg2 36. Qxg2 hxg2 37. Rg1 1-0


[Site "https://www.chess.com"]

[Event "Titled Tuesday Blitz January 03 Early 2023"]
[White "Kuchava, Ana"]
[Black "Salman, Pavel"]
[WhiteFideId "13605348"]
[BlackFideId "24153753"]
[WhiteElo "2101"]
[BlackElo "2287"]
[Result "1-0"]
[Round "02"]
[TimeControl "180+2"]
[Date "2023.01.03"]
[WhiteClock "0:02:05"]
[BlackClock "0:01:33"]

1. d4 Nf6 2. Nf3 c5 3. d5 b5 4. Bg5 Bb7 5. Bxf6 exf6 6. e4 Bd6 7. c4 O-O 8. cxb5 Re8 9. Bd3 Bxd5 10. O-O Bb7 11. Nc3 Bf8 12. Qd2 d6 13. Rad1 Nd7 14. a4 Rc8 15. Rfe1 Qa5 16. b3 g6 17. Bc4 h5 18. Bd5 Bxd5 19. Nxd5 Qxd2 20. Rxd2 c4 21. bxc4 Rxc4 22. Rd4 Rxd4 23. Nxd4 f5 24. f3 fxe4 25. Rxe4 Rc8 26. Nc6 Nc5 27. Nde7+ Bxe7 28. Nxe7+ Kg7 29. Nxc8 1-0


[Site "https://www.chess.com"]

[Event "Titled Tuesday Blitz January 03 Early 2023"]
[White "Gheorghiu, Calin"]
[Black "Broca Jimenez, Fernando"]
[WhiteFideId "1200305"]
[BlackFideId "5104742"]
[WhiteElo "2313"]
[BlackElo "2075"]
[Result "1-0"]
[Round "02"]
[TimeControl "180+2"]
[Date "2023.01.03"]
[WhiteClock "0:00:41"]
[BlackClock "0:00:15"]

1. e4 c5 2. Nf3 d6 3. Nc3 Nf6 4. Bb5+ Nbd7 5. a4 g6 6. O-O Bg7 7. h3 O-O 8. Re1 e5 9. a5 a6 10. Bf1 Nb8 11. Nd5 Nc6 12. Nb6 Rb8 13. c3 Be6 14. d4 cxd4 15. cxd4 exd4 16. Nxd4 Nxa5 17. Nxe6 fxe6 18. Be3 Nc6 19. Bc4 Qe7 20. Bf4 Rbd8 21. Qb3 Rfe8 22. Bg5 h6 23. Bh4 Kh7 24. f4 e5 25. Nd5 Qf8 26. Qxb7 Ne7 27. fxe5 dxe5 28. Bxf6 Bxf6 29. Rf1 Rd6 30. Rxa6 Red8 31. Rxf6 Rxf6 32. Rxf6 1-0


[Site "https://www.chess.com"]

[Event "Titled Tuesday Blitz January 03 Early 2023"]
[White "De Souza Sa, Apolo"]
[Black "Namitbir Singh Walia"]
[WhiteFideId "324225390"]
[BlackFideId "35071068"]
[WhiteElo "1929"]
[BlackElo "2364"]
[Result "1-0"]
[Round "02"]
[TimeControl "180+2"]
[Date "2023.01.03"]
[WhiteClock "0:00:15"]
[BlackClock "0:00:02"]

1. d4 Nf6 2. c4 c5 3. d5 e6 4. Nc3 d6 5. e4 g6 6. f3 Bg7 7. Nge2 e5 8. Be3 Na6 9. Qd2 h5 10. h4 Nc7 11. a4 b6 12. Bg5 a6 13. Nc1 Bd7 14. Bd3 Qc8 15. N1e2 Qb7 16. O-O O-O 17. Bh6 b5 18. Bxg7 Kxg7 19. f4 Ng4 20. f5 Ne8 21. fxg6 fxg6 22. Rxf8 Kxf8 23. axb5 axb5 24. Rxa8 Qxa8 25. cxb5 Kg7 26. Ng3 Qd8 27. Qg5 Qxg5 28. hxg5 Bc8 29. b6 Ne3 30. Bb5 Kf7 31. Bc6 Nc4 32. b7 Bxb7 33. Bxb7 Nxb2 34. Kf2 Nd3+ 35. Ke3 Nf4 36. Kf3 Nc7 37. Nge2 Nd3 38. g4 h4 39. Kg2 Kg7 40. Kh3 Nf2+ 41. Kxh4 c4 42. Kg3 Nd3 43. Kf3 Nc5 44. Bc6 N7a6 45. Bb5 Nb4 46. Bxc4 Nc2 47. Bb5 Ne1+ 48. Ke3 Ng2+ 49. Kf2 Nf4 50. Nxf4 exf4 51. Kf3 1-0


[Site "https://www.chess.com"]

[Event "Titled Tuesday Blitz January 03 Early 2023"]
[White "Mogirzan, Matei-Valeriu"]
[Black "Lauridsen, Jesper Morch"]
[WhiteFideId "1257455"]
[BlackFideId "1401890"]
[WhiteElo "1813"]
[BlackElo "2309"]
[Result "1-0"]
[Round "02"]
[TimeControl "180+2"]
[Date "2023.01.03"]
[WhiteClock "0:00:05"]
[BlackClock "0:00:07"]

1. e4 c5 2. Nf3 e6 3. d4 cxd4 4. Nxd4 Nc6 5. Nc3 Qc7 6. a3 a6 7. Be3 b5 8. f4 Bb7 9. Nxc6 Qxc6 10. Bd3 Nf6 11. O-O d5 12. exd5 Nxd5 13. Nxd5 Qxd5 14. Qe2 Bc5 15. Bxc5 Qxc5+ 16. Kh1 O-O 17. f5 exf5 18. Rxf5 Qc6 19. Raf1 Rae8 20. Qf2 g6 21. Rf6 Re6 22. Rf3 Qd7 23. Rh3 Rfe8 24. Qh4 h5 25. Qf2 R8e7 26. Rg3 h4 27. Rh3 Rf6 28. Qxh4 Bxg2+ 29. Kxg2 Qd5+ 30. Rhf3 Rfe6 31. Qg3 Kf8 32. Qb8+ Re8 33. Qg3 Qd4 34. Rxf7+ Kg8 35. Bxg6 Re2+ 36. R1f2 Rxf2+ 37. Rxf2 Qd5+ 38. Be4+ Kh8 39. Bxd5 1-0


[Site "https://www.chess.com"]

[Event "Titled Tuesday Blitz January 03 Early 2023"]
[White "Khamdamova, Afruza"]
[Black "Fernandez Hernandez, Gerardo"]
[WhiteFideId "14210444"]
[BlackFideId "2207400"]
[WhiteElo "2162"]
[BlackElo "2181"]
[Result "1-0"]
[Round "02"]
[TimeControl "180+2"]
[Date "2023.01.03"]
[WhiteClock "0:00:21"]
[BlackClock "0:00:01"]

1. e4 e6 2. d4 d5 3. Nd2 Nc6 4. Ngf3 Nf6 5. e5 Nd7 6. Bd3 f6 7. Ng5 Ndxe5 8. dxe5 fxg5 9. Qh5+ Kd7 10. Nf3 Be7 11. Qf7 Qf8 12. Qh5 g6 13. Qg4 h5 14. Qa4 g4 15. Nd4 Bc5 16. Be3 Bxd4 17. Bxd4 Qf4 18. c3 Rf8 19. O-O g5 20. Bb5 a6 21. Rad1 Rb8 22. Bxc6+ bxc6 23. c4 Bb7 24. cxd5 exd5 25. Rfe1 Ke6 26. Qc2 Rbe8 27. Qg6+ Kd7 28. e6+ Kc8 29. e7 Rg8 30. Qxh5 Kb8 31. Bc5 Bc8 32. Qh6 Bf5 33. Qxc6 Be4 34. Re3 1-0


[Site "https://www.chess.com"]

[Event "Titled Tuesday Blitz January 03 Early 2023"]
[White "Ardila, Oscar Humberto"]
[Black "Redzisz, Michal"]
[WhiteFideId "4404742"]
[BlackFideId "21816107"]
[WhiteElo "1982"]
[BlackElo "2269"]
[Result "1-0"]
[Round "02"]
[TimeControl "180+2"]
[Date "2023.01.03"]
[WhiteClock "0:01:09"]
[BlackClock "0:00:24"]

1. d4 Nf6 2. Nf3 g6 3. c4 Bg7 4. Nc3 d5 5. e3 O-O 6. Be2 dxc4 7. Bxc4 c5 8. O-O Nc6 9. dxc5 Qa5 10. Qe2 Qxc5 11. Rd1 Bg4 12. Bb3 Rad8 13. h3 Bxf3 14. Qxf3 b5 15. Bd2 Ne5 16. Qb7 Rb8 17. Qa6 Nd3 18. Rab1 Qf5 19. Be1 Rfd8 20. Qxa7 b4 21. Ne2 Nxe1 22. Rxe1 Ne4 23. f3 Nd2 24. Rbd1 Qg5 25. Rxd2 Rxd2 26. Qxb8+ Bf8 27. Qf4 1-0


[Site "https://www.chess.com"]

[Event "Titled Tuesday Blitz January 03 Early 2023"]
[White "Mikhalsky, Vladimir"]
[Black "Larina, Maria"]
[WhiteFideId "14144352"]
[BlackFideId "24113182"]
[WhiteElo "2219"]
[BlackElo "1948"]
[Result "1-0"]
[Round "02"]
[TimeControl "180+2"]
[Date "2023.01.03"]
[WhiteClock "0:00:23"]
[BlackClock "0:00:01"]

1. d4 f5 2. Bg5 g6 3. h4 h6 4. Bf4 d6 5. Nc3 Bg7 6. e4 fxe4 7. Nxe4 Nf6 8. Nxf6+ exf6 9. Bd3 f5 10. Qd2 Nc6 11. c3 Qe7+ 12. Ne2 Bd7 13. O-O-O O-O-O 14. d5 Ne5 15. Bc2 Ng4 16. Nd4 Qf6 17. f3 Ne5 18. a4 Nc4 19. Qd3 Nb6 20. Ne6 Bxe6 21. dxe6 Qxe6 22. a5 Nd7 23. a6 Nc5 24. axb7+ Nxb7 25. Qa6 Kb8 26. Rhe1 Qd7 27. Ba4 Qc8 28. Bc6 Nc5 29. Qb5+ Nb7 30. Be3 d5 31. Qa6 d4 32. cxd4 Rd6 33. d5 Nc5 34. Qxc8+ Rxc8 35. Bxc5 Rdd8 36. Rd3 Be5 37. Rb3# 1-0


[Site "https://www.chess.com"]

[Event "Titled Tuesday Blitz January 03 Early 2023"]
[White "Thomas, Anysia"]
[Black "TheKnightOfBosnia"]
[WhiteFideId "670472"]
[WhiteElo "2147"]
[BlackElo "2481"]
[Result "0-1"]
[Round "02"]
[TimeControl "180+2"]
[Date "2023.01.03"]
[WhiteClock "0:00:11"]
[BlackClock "0:01:51"]

1. d4 Nf6 2. c4 e6 3. Nf3 Bb4+ 4. Bd2 a5 5. g3 O-O 6. Bg2 d5 7. O-O dxc4 8. Qc2 b5 9. a4 Bxd2 10. Nbxd2 c6 11. b3 cxb3 12. Nxb3 b4 13. Ne5 Bd7 14. Rac1 Nd5 15. Nc5 Be8 16. Rfd1 Na6 17. e4 Nc3 18. Rd3 Nxc5 19. dxc5 Qe7 20. Rd6 Rc8 21. Nc4 Qg5 22. Rd2 Qxc5 23. Re1 Qxc4 0-1


[Site "https://www.chess.com"]

[Event "Titled Tuesday Blitz January 03 Early 2023"]
[White "Donskov, Anatoly"]
[Black "Fabris, Alberto"]
[WhiteFideId "24143413"]
[BlackFideId "801348"]
[WhiteElo "2279"]
[BlackElo "2230"]
[Result "0-1"]
[Round "02"]
[TimeControl "180+2"]
[Date "2023.01.03"]
[WhiteClock "0:00:03"]
[BlackClock "0:00:42"]

1. e4 c5 2. Nf3 d6 3. d4 cxd4 4. Nxd4 Nf6 5. Nc3 a6 6. f4 e6 7. Qf3 Qc7 8. Be3 Be7 9. g4 b5 10. g5 Nfd7 11. a3 Bb7 12. Bd3 Nc6 13. Qh3 O-O-O 14. O-O-O Nc5 15. Kb1 Kb8 16. Qg2 b4 17. axb4 Nxb4 18. Rhe1 d5 19. e5 Qa5 20. Qf2 Rc8 21. f5 Ne4 22. Bxe4 dxe4 23. Nb3 Qc7 24. f6 gxf6 25. gxf6 Bf8 26. Re2 h5 27. Ba7+ Ka8 28. Na4 Nd5 29. Rxd5 Bxd5 30. Nb6+ Kxa7 31. Nxc8+ Kb7 32. Ne7 Bxe7 33. fxe7 Qxe7 34. Na5+ Ka8 35. Qb6 Qa7 36. Qd6 Qg1+ 37. Re1 Qxe1# 0-1


[Site "https://www.chess.com"]

[Event "Titled Tuesday Blitz January 03 Early 2023"]
[White "Blindsplieler"]
[Black "Jovic, Stanoje"]
[BlackFideId "905020"]
[WhiteElo "2071"]
[BlackElo "2075"]
[Result "0-1"]
[Round "02"]
[TimeControl "180+2"]
[Date "2023.01.03"]
[WhiteClock "0:00:09"]
[BlackClock "0:00:18"]

1. d4 Nf6 2. c4 e6 3. g3 d5 4. Nf3 Nc6 5. Bg2 dxc4 6. O-O b5 7. a4 b4 8. Ne5 Nxe5 9. Bxa8 Ned7 10. Bg2 a5 11. Nd2 Nb6 12. Qc2 Qxd4 13. Rd1 Bd7 14. Nf3 Qc5 15. Be3 Qf5 16. Qxf5 exf5 17. Ne5 Bd6 18. Nxd7 Nfxd7 19. Bc6 Ke7 20. Rac1 Nc5 21. Bb5 Ncxa4 22. Bxb6 Nxb6 23. Bxc4 a4 24. Bb5 Ra8 25. Ra1 a3 26. bxa3 bxa3 27. Ra2 Ra5 28. Bd3 g6 29. Rc1 Nd7 30. Rb1 f4 31. Rb5 Rxb5 32. Bxb5 fxg3 33. hxg3 Nb6 34. Kf1 Ke6 35. Ke1 Ke5 36. Kd2 Kd5 37. Kd3 Kc5 38. Be8 f6 39. Bf7 g5 40. g4 Kb4 41. Bg8 h6 42. Bf7 Nd7 43. Bd5 Ne5+ 44. Ke4 Nxg4 45. f3 Ne5 46. Kf5 h5 47. Kxf6 h4 48. Kxg5 h3 49. f4 Nd7 50. f5 Kc5 51. f6 Kxd5 52. f7 h2 53. Ra1 Ke6 54. Kg6 Ne5+ 55. Kg7 Nxf7 56. e4 a2 57. Kg6 Be5 58. Kh5 Bxa1 59. Kg4 h1=Q 0-1


[Site "https://www.chess.com"]

[Event "Titled Tuesday Blitz January 03 Early 2023"]
[White "Gonzalez, Francisco Silva"]
[Black "Osiecki, Stanislaw"]
[WhiteFideId "1512285"]
[BlackFideId "1102990"]
[WhiteElo "2021"]
[BlackElo "2055"]
[Result "1/2-1/2"]
[Round "02"]
[TimeControl "180+2"]
[Date "2023.01.03"]
[WhiteClock "0:02:03"]
[BlackClock "0:00:11"]

1. d4 Nf6 2. c4 d6 3. Nc3 g6 4. e4 Bg7 5. f3 O-O 6. Be3 e5 7. d5 a5 8. Bd3 Nh5 9. Nge2 f5 10. Qd2 f4 11. Bf2 Na6 12. O-O-O g5 13. h3 Bd7 14. a3 Rb8 15. Nb5 Bxb5 16. cxb5 Nc5 17. Bxc5 dxc5 18. Qxa5 Rf7 19. Bc4 Qd6 20. Qa7 Rff8 21. Nc3 b6 22. Kc2 Ng3 23. Rhe1 h5 24. Ra1 g4 25. hxg4 hxg4 26. fxg4 Bf6 27. Rh1 Kg7 28. Rh3 Rh8 29. a4 Rxh3 30. Qxb8 Rh2 31. Kd3 Rxg2 32. Qc8 f3 33. g5 Bxg5 34. Nd1 Rd2+ 35. Kc3 Ne2+ 36. Kb3 Nd4+ 37. Kc3 Rc2+ 38. Kd3 Rd2+ 39. Kc3 Rc2+ 40. Kd3 Rd2+ 41. Kc3 1/2-1/2


[Site "https://www.chess.com"]

[Event "Titled Tuesday Blitz January 03 Early 2023"]
[White "Mekhane, Adam"]
[Black "Johnson, Ben"]
[WhiteFideId "36050601"]
[BlackFideId "2010917"]
[WhiteElo "2280"]
[BlackElo "1961"]
[Result "1-0"]
[Round "02"]
[TimeControl "180+2"]
[Date "2023.01.03"]
[WhiteClock "0:02:00"]
[BlackClock "0:02:09"]

1. b3 e5 2. Bb2 Nc6 3. e3 d5 4. Bb5 Bd6 5. Nf3 Qe7 6. d4 e4 7. Ne5 Bxe5 8. dxe5 Bd7 9. Qxd5 a6 10. Ba3 Qxe5 11. Bxc6 1-0


[Site "https://www.chess.com"]

[Event "Titled Tuesday Blitz January 03 Early 2023"]
[White "Winkels, Marcel"]
[Black "Le Ruyet, Leopold"]
[WhiteFideId "1003887"]
[BlackFideId "645923"]
[WhiteElo "1960"]
[BlackElo "2245"]
[Result "0-1"]
[Round "02"]
[TimeControl "180+2"]
[Date "2023.01.03"]
[WhiteClock "0:01:21"]
[BlackClock "0:01:40"]

1. d4 Nf6 2. Bf4 g6 3. Nc3 Bg7 4. e3 O-O 5. h4 c5 6. h5 Nxh5 7. Rxh5 gxh5 8. Qxh5 f5 9. Bc4+ e6 10. Bd6 Rf6 11. Bxc5 d6 12. Ba3 Rh6 13. Qf3 d5 14. Bd3 Nd7 15. O-O-O Nf6 16. Nh3 Ne4 17. Bxe4 fxe4 18. Qg3 Bd7 19. f3 exf3 20. gxf3 Qh4 21. Qc7 Qxh3 22. Qxd7 Qxf3 23. Qxe6+ Rxe6 0-1


[Site "https://www.chess.com"]

[Event "Titled Tuesday Blitz January 03 Early 2023"]
[White "Krienke, Makaio"]
[Black "Guevara Sanchez, Erick Marvin"]
[WhiteFideId "2038854"]
[BlackFideId "6700136"]
[WhiteElo "2115"]
[BlackElo "2073"]
[Result "1-0"]
[Round "02"]
[TimeControl "180+2"]
[Date "2023.01.03"]
[WhiteClock "0:01:13"]
[BlackClock "0:01:16"]

1. e4 c5 2. Nf3 Nc6 3. d4 cxd4 4. Nxd4 e5 5. Nb5 a6 6. N5c3 Nf6 7. Bg5 Bb4 8. a3 Qa5 9. Bxf6 gxf6 10. Bc4 b5 11. Bd5 Bb7 12. O-O O-O-O 13. Bxf7 Ne7 14. Nd5 Nxd5 15. Bxd5 Be7 16. Bxb7+ Kxb7 17. Qd5+ Kb8 18. c4 Rhg8 19. Nc3 bxc4 20. Qxa5 Rg4 21. Qxa6 Rdg8 22. g3 h5 23. Nb5 Bc5 24. Rad1 h4 25. Rxd7 hxg3 26. Qb7# 1-0


[Site "https://www.chess.com"]